Map: [ESL] Alcyone

Players

cyan - Winner!

  • Race: Protoss Protoss
  • League: Grandmaster
  • Spawn Location: 1:00

lIlIllllllll (TY)

  • Race: Terran Terran
  • League: Master
  • Spawn Location: 7:00

Event: IEM Katowice 2024

VOD

Have the link to the VOD?

Description

Time

  • Played on: Dec. 5, 2023, 5:01 a.m.
  • Length: 15:21

All games in this series

Show
View Real Time Build Order
Export as new Build Order

cyan Protoss - Winner!

Build Orders: 1 Gate Expand, Phoenix Opening 

Get SALT Encoding   

  12  0:00  Probe  
  13  0:12  Probe  
  14  0:17  Pylon  
  14  0:24  Probe (Chrono Boost)  
  15  0:36  Gateway, Probe (Chrono Boost)  
  16  0:45  Assimilator, Probe (Chrono Boost)  
  17  0:51  Probe  
  18  1:03  Probe  
  19  1:15  Probe  
  20  1:22  Nexus  
  20  1:30  Cybernetics Core  
  20  1:33  Probe  
  20  1:39  Assimilator  
  21  1:45  Probe  
  22  1:49  Pylon  
  22  1:57  Probe  
  23  2:09  Sentry, Probe (Chrono Boost)  
  26  2:18  Assimilator  
  26  2:19  Probe (Chrono Boost)  
  27  2:24  Probe (Chrono Boost)  
  27  2:28  Stargate  
  27  2:34  Probe (Chrono Boost)  
  29  2:38  Warp Gate  
  29  2:39  Probe (Chrono Boost)  
  29  2:42  Phoenix  
  29  2:46  Probe (Chrono Boost), Stalker  
  33  2:51  Probe (Chrono Boost)  
  33  2:52  Probe (Chrono Boost)  
  33  2:57  Gateway  
  34  3:00  Probe (Chrono Boost)  
  36  3:06  Probe (Chrono Boost)  
  36  3:09  Probe (Chrono Boost)  
  36  3:11  Phoenix  
  39  3:13  Probe (Chrono Boost)  
  39  3:14  Probe (Chrono Boost)  
  39  3:17  Shield Battery  
  41  3:22  Stalker  
  41  3:25  Probe  
  44  3:36  Phoenix  
  41  3:47  Probe  
  39  3:49  Probe  
  39  3:50  Gateway  
  40  3:59  Probe  
  40  4:01  Phoenix  
  43  4:03  Probe  
  43  4:06  Stalker  
  43  4:07  Pylon  
  46  4:19  Pylon  
  46  4:25  Probe x2  
  46  4:27  Stalker  
  48  4:37  Probe x2 (Chrono Boost)  
  50  4:40  Robotics Facility  
  50  4:48  Nexus  
  50  4:49  Probe x2 (Chrono Boost)  
  52  4:54  Probe x2 (Chrono Boost), Pylon  
  52  4:59  Phoenix  
  56  5:03  Probe  
  56  5:04  Probe  
  58  5:07  Stalker  
  60  5:16  Assimilator, Probe x2  
  60  5:18  Assimilator  
  60  5:20  Pylon  
  62  5:28  Probe  
  63  5:29  Probe  
  63  5:31  Robotics Bay  
  64  5:40  Probe  
  64  5:41  Immortal, Shield Battery, Pylon  
  69  5:50  Probe  
  69  5:54  Pylon, Phoenix  
  72  6:02  Probe  
  72  6:03  Stalker  
  72  6:04  Stalker  
  77  6:06  Zealot  
  77  6:09  Probe  
  80  6:14  Twilight Council  
  80  6:15  Gateway  
  80  6:22  Probe (Chrono Boost)  
  80  6:25  Probe x2 (Chrono Boost)  
  83  6:29  Colossus (Chrono Boost)  
  90  6:33  Probe (Chrono Boost)  
  90  6:35  Probe (Chrono Boost)  
  87  6:40  Stalker  
  87  6:41  Zealot  
  87  6:43  Stalker, Probe (Chrono Boost)  
  87  6:44  Probe  
  95  6:47  Shield Battery  
  95  6:49  Probe  
  95  6:50  Charge (Chrono Boost)  
  95  6:51  Pylon  
  96  6:57  Forge  
  96  6:59  Probe  
  96  7:00  Gateway  
  96  7:01  Stalker  
  99  7:06  Pylon  
  99  7:09  Stalker  
  99  7:10  Zealot  
  99  7:11  Probe  
  99  7:15  Colossus (Chrono Boost)  
  106  7:20  Probe x2  
  112  7:23  Probe  
  112  7:25  Zealot  
  101  7:31  Zealot  
  101  7:35  Probe  
  101  7:36  Phoenix  
  96  7:41  Protoss Ground Weapons Level 1 (Chrono Boost), Probe x2  
  96  7:44  Assimilator  
  98  7:47  Assimilator, Probe  
  99  7:52  Gateway x2  
  99  7:57  Pylon  
  99  7:59  Probe  
  99  8:01  Phoenix  
  99  8:05  Nexus  
  102  8:06  Pylon  
  102  8:07  Colossus (Chrono Boost)  
  102  8:10  Pylon  
  108  8:16  Extended Thermal Lance, Photon Cannon  
  108  8:23  Sentry, Zealot  
  108  8:24  Zealot  
  114  8:28  Gateway, Phoenix  
  116  8:35  Shield Battery  
  116  8:37  Probe  
  116  8:39  Photon Cannon, Probe  
  118  8:42  Sentry  
  118  8:43  Zealot  
  118  8:44  Zealot x2  
  126  8:52  Observer (Chrono Boost), Gateway  
  127  8:58  Probe x2, Forge  
  127  9:01  Phoenix  
  131  9:03  Probe  
  131  9:06  Warp Prism (Chrono Boost)  
  134  9:13  Probe  
  133  9:26  Protoss Ground Weapons Level 2 (Chrono Boost)  
  133  9:30  Probe  
  133  9:31  Colossus (Chrono Boost), Probe x2  
  127  9:32  Blink  
  127  9:35  Zealot, Protoss Ground Armor Level 1 (Chrono Boost)  
  127  9:36  Zealot x3  
  140  9:40  Probe  
  140  9:42  Dark Shrine  
  141  9:51  Zealot x5  
  151  9:55  Phoenix  
  151  9:56  Gravitic Drive  
  151  10:11  Robotics Facility  
  151  10:12  Robotics Facility, Probe x2  
  151  10:14  Pylon  
  153  10:18  Probe  
  153  10:20  Probe  
  153  10:21  Immortal (Chrono Boost)  
  159  10:23  Phoenix  
  159  10:28  Nexus  
  159  10:30  Pylon x2  
  159  10:31  Pylon  
  159  10:32  Pylon  
  159  10:38  Zealot x6  
  151  10:43  Zealot  
  151  10:45  Zealot x5  
  161  10:53  Zealot  
  163  10:58  Shield Battery  
  163  10:59  Probe x2  
  163  11:01  Shield Battery  
  163  11:02  Pylon  
  163  11:03  Immortal (Chrono Boost)  
  177  11:05  Immortal (Chrono Boost)  
  177  11:06  Disruptor (Chrono Boost), Photon Cannon  
  177  11:08  Shadow Stride  
  177  11:09  Gateway  
  175  11:12  Gateway  
  173  11:18  Zealot x4  
  173  11:19  Zealot  
  183  11:30  Zealot x4  
  195  11:32  Protoss Ground Armor Level 2 (Chrono Boost)  
  195  11:34  Disruptor (Chrono Boost), Protoss Ground Weapons Level 3 (Chrono Boost)  
  195  11:35  Disruptor (Chrono Boost)  
  197  11:43  Zealot  
  199  11:52  Zealot  
  187  11:57  Zealot x3  
  187  11:58  Zealot x4  
  167  12:07  Stalker  
  145  12:09  Stalker x2  
  145  12:14  Stalker  
  145  12:22  Probe x4  
  134  12:23  Probe  
  134  12:24  Stalker x6  
  147  12:34  Disruptor (Chrono Boost)  
  147  12:35  Disruptor (Chrono Boost), Probe  
  147  12:36  Disruptor (Chrono Boost)  
  160  12:39  Stalker x2  
  160  12:52  Probe  
  160  12:54  Assimilator  
  159  13:04  Nexus  
  151  13:07  Disruptor x2 (Chrono Boost)  
  151  13:08  Pylon  
  151  13:11  Assimilator  
  151  13:12  Zealot x9  
  183  13:15  Assimilator  
  183  13:16  Colossus (Chrono Boost)  
  143  13:36  Disruptor x2  
  143  13:37  Stalker x5  
  143  13:38  Zealot x6  
  143  13:39  Probe  
  172  13:41  Probe  
  173  13:58  Zealot x2  
  173  13:59  Zealot x4  
  183  14:03  Disruptor  
  183  14:12  Stalker x5  
  193  14:18  Probe  
  193  14:19  Probe  
  193  14:22  Probe x2  
  197  14:30  Probe  
  196  14:38  Zealot  
  196  14:42  Probe  
  171  14:56  Stalker x5  
  171  14:57  Stalker x2  
  171  14:58  Dark Templar x3  
  174  15:06  Probe  
  174  15:07  Probe x3  
  173  15:08  Probe  
Show
View Real Time Build Order
Export as new Build Order

lIlIllllllll Terran 

Build Orders:  

Get SALT Encoding   

  12  0:00  SCV  
  13  0:12  SCV  
  14  0:17  Supply Depot  
  14  0:24  SCV  
  15  0:39  SCV  
  15  0:40  Barracks  
  15  0:42  Refinery  
  16  0:51  SCV  
  17  1:03  SCV  
  18  1:15  SCV  
  19  1:26  Marine  
  19  1:27  Orbital Command  
  20  1:39  Command Center  
  20  1:50  Factory  
  20  1:54  SCV  
  20  1:58  Barracks Tech Lab  
  21  2:06  Supply Depot  
  21  2:07  SCV  
  22  2:21  SCV  
  23  2:28  Marauder  
  25  2:32  Concussive Shells  
  25  2:34  Hellion  
  25  2:35  SCV  
  28  2:47  SCV  
  28  2:49  Marauder  
  31  2:51  Orbital Command  
  31  2:55  Hellion  
  32  2:59  SCV  
  33  3:11  Marauder  
  35  3:17  Hellion  
  35  3:18  SCV  
  38  3:20  Barracks  
  38  3:27  Barracks  
  38  3:29  SCV  
  39  3:34  SCV  
  39  3:38  Hellion  
  39  3:40  Marauder  
  41  3:42  SCV  
  42  3:52  SCV  
  42  3:54  SCV  
  44  4:01  Marauder  
  46  4:04  Hellion  
  46  4:07  Supply Depot  
  46  4:08  Supply Depot, SCV  
  46  4:09  Stimpack  
  45  4:14  Barracks Reactor  
  45  4:15  Barracks Reactor  
  43  4:17  SCV  
  43  4:20  SCV  
  41  4:24  Marauder  
  41  4:29  SCV  
  41  4:31  Engineering Bay  
  46  4:32  SCV  
  45  4:41  Widow Mine  
  45  4:42  SCV  
  45  4:44  SCV  
  45  4:45  Marine, Refinery  
  47  4:51  Marine x2  
  47  4:52  Marine x2  
  52  4:56  Command Center  
  52  4:59  SCV x2  
  52  5:00  Missile Turret  
  52  5:01  Missile Turret  
  52  5:03  Marine  
  52  5:06  Factory Reactor  
  53  5:09  Marine x2  
  53  5:11  SCV x2  
  53  5:12  Marine x2  
  57  5:24  Marine  
  57  5:27  Marine x2, SCV  
  60  5:30  Terran Infantry Weapons Level 1, Marine  
  60  5:33  Supply Depot x2  
  61  5:39  Missile Turret, Marine  
  61  5:41  Supply Depot  
  62  5:49  Marine  
  62  5:52  Marine x2  
  62  5:55  Cyclone x2, Marauder, SCV  
  69  5:58  Marine  
  69  6:00  SCV  
  70  6:06  Combat Shield  
  70  6:07  SCV, Marine  
  70  6:10  Marine x2  
  73  6:14  Refinery  
  73  6:16  Marine x2  
  75  6:20  SCV x2  
  75  6:24  Marine  
  78  6:27  Orbital Command, Cyclone x2, Missile Turret, Marine x2  
  83  6:34  Marine x2  
  83  6:35  SCV x2  
  86  6:42  Marine  
  86  6:45  Marine x2  
  89  6:47  SCV x2  
  89  6:50  Starport  
  90  6:55  SCV  
  90  6:59  SCV x2  
  90  7:00  Marine x2  
  94  7:08  SCV  
  94  7:11  SCV x2  
  94  7:12  Barracks  
  94  7:13  Barracks, Marine  
  94  7:14  Marine, Supply Depot x2  
  99  7:19  Factory Reactor  
  99  7:20  SCV  
  100  7:23  SCV  
  100  7:24  Terran Infantry Armor Level 1  
  100  7:29  Marine x2  
  66  7:38  Marauder, Marine x2  
  66  7:40  SCV x2  
  66  7:45  Refinery  
  66  7:46  Marine  
  66  7:48  Viking x2  
  66  7:49  SCV  
  72  7:52  SCV x2  
  72  7:53  Marine  
  72  7:57  Marine x2  
  77  8:01  Barracks Tech Lab x2, SCV  
  77  8:04  SCV x2, Widow Mine x2  
  84  8:09  Marauder, Missile Turret, Marine  
  84  8:10  Marine  
  88  8:18  Viking x2  
  88  8:19  SCV  
  94  8:21  SCV  
  94  8:22  Marauder  
  94  8:23  Marauder  
  94  8:24  Marine  
  94  8:25  Supply Depot  
  99  8:28  Widow Mine x2  
  99  8:31  Marauder  
  99  8:33  SCV x2  
  108  8:34  Armory  
  108  8:36  Refinery  
  108  8:39  Marine x2  
  110  8:41  Marine  
  110  8:45  SCV  
  110  8:46  Marine  
  110  8:48  Marauder, Medivac x2  
  118  8:50  Marauder  
  118  8:51  Supply Depot  
  118  8:53  Marine  
  118  8:54  SCV x2  
  123  8:56  Refinery  
  123  8:57  Marine x2  
  123  8:59  Supply Depot  
  125  9:04  Starport  
  125  9:06  Engineering Bay  
  125  9:12  Marine x4  
  126  9:18  Medivac x2  
  126  9:21  Marine x2  
  126  9:22  Marine  
  133  9:28  SCV  
  133  9:30  Marine  
  137  9:31  Terran Infantry Weapons Level 2, Ghost Academy  
  137  9:32  Marine x2  
  137  9:33  Command Center  
  137  9:42  Terran Infantry Armor Level 2, Marine x3  
  140  9:47  Supply Depot  
  140  9:48  Supply Depot  
  140  10:00  Missile Turret  
  140  10:01  Viking  
  141  10:08  Viking  
  141  10:09  Marine  
  141  10:10  Marine x3  
  151  10:15  Supply Depot  
  151  10:17  SCV  
  151  10:20  Supply Depot  
  151  10:21  Supply Depot  
  154  10:23  Terran Ship Weapons Level 1  
  154  10:29  Viking  
  154  10:33  Viking  
  156  10:36  SCV  
  156  10:37  Unknown x2, SCV  
  156  10:39  SCV  
  154  10:43  Unknown  
  154  10:48  SCV  
  154  10:49  SCV  
  156  10:50  Bunker  
  156  10:51  SCV  
  156  10:57  Viking  
  163  11:00  SCV  
  166  11:06  Viking x2  
  166  11:09  Marine x4  
  172  11:19  Viking, Unknown x2  
  172  11:22  SCV  
  175  11:26  Viking  
  175  11:29  Planetary Fortress  
  175  11:30  Marine x3  
  180  11:36  Viking  
  182  11:50  Viking x2  
  179  11:56  Viking, Marine x2  
  179  12:00  Marauder x2, Marine x2  
  153  12:04  Marine  
  153  12:06  Viking  
  141  12:13  Marine  
  141  12:14  Marine  
  143  12:17  Marine x2  
  143  12:19  Liberator  
  143  12:25  Liberator  
  143  12:27  Marauder x3  
  152  12:31  Marine x2  
  152  12:33  Terran Infantry Weapons Level 3  
  152  12:34  Barracks x3  
  152  12:35  Marine  
  152  12:37  SCV x3  
  154  12:45  Liberator  
  154  12:50  Liberator  
  154  12:51  Marine x2  
  160  12:52  Marine, Marauder x2  
  160  12:53  Marine  
  160  12:55  Marine  
  161  13:07  Liberator  
  161  13:08  Marine  
  161  13:09  Marine  
  161  13:10  Marine  
  161  13:11  Marauder  
  169  13:13  Marauder x2, Marine  
  169  13:16  Refinery  
  171  13:26  Marine x2  
  159  13:31  Barracks Tech Lab x2  
  138  13:37  Marauder x3, Marine x2  
  138  13:39  Liberator  
  148  13:43  Barracks Tech Lab  
  148  13:44  Marine x2  
  149  13:55  Marine x2  
  151  13:58  Marauder, Marine  
  151  13:59  Marauder  
  151  14:02  Marine  
  150  14:03  Marauder x2, Marine  
  150  14:08  Marauder  
  152  14:12  Marine, Medivac x2  
  152  14:13  Medivac, Marine  
  152  14:16  Marauder  
  159  14:19  Marine  
  159  14:20  Marauder, Marine  
  159  14:21  Marine  
  164  14:25  Orbital Command, Marauder  
  166  14:34  Marauder x2, Marine x2  
  166  14:37  Marine, Medivac  
  166  14:38  Marauder, Marine  
  160  14:52  Marauder x2, Marine x3  
  129  14:55  SCV x2  
  129  14:58  Marine  
  112  15:03  Marine  

Tags
 
Add a new tag
Caveats
  • Supply blocks, unpowered buildings, or Contaminate may cause inaccurate times.
  • Supply counts are checked every 10 seconds.